 Dungeon Crawl Stone Soup version 0.26-a0-854-gdc81c2f471 (webtiles) character file.

Game seed: 5914251059880733764

83 tatocazan the Chopper (level 4, 0/40 HPs)
             Began as a Minotaur Fighter on Nov 22, 2020.
             Was an Initiate of Trog.
             Slain by a sun demon (10 damage)
             ... summoned by a kobold demonologist
             ... on level 3 of the Dungeon.
             The game lasted 00:02:14 (1745 turns).

tatocazan the Chopper (Minotaur Fighter)            Turns: 1745, Time: 00:02:15

Health: 0/40       AC:  8    Str: 21    XL:     4   Next: 22%
Magic:  3/3        EV:  8    Int:  5    God:    Trog [......]
Gold:   127        SH:  9    Dex: 10    Spells: 3/3 levels left

rFire    . . .     SeeInvis .   a - +0 war axe
rCold    . . .     Faith    .   c - +0 kite shield
rNeg     . . .     Spirit   .   b - +0 scale mail
rPois    .         Reflect  .   (helmet restricted)
rElec    .         Harm     .   (no cloak)
rCorr    .         Rampage  .   (no gloves)
MR       .....                  g - +0 pair of boots
Stlth    ..........             (no amulet)
HPRegen  0.13/turn              (no ring)
MPRegen  0.08/turn              (no ring)

@: very slow
A: retaliatory headbutt, horns 2
a: Renounce Religion


You were on level 3 of the Dungeon.
You worshipped Trog.
Trog was noncommittal.
You visited 1 branch of the dungeon, and saw 3 of its levels.

You collected 127 gold pieces.

Inventory:

Hand Weapons
 a - a +0 war axe (weapon)
Missiles
 n - 4 atropa-tipped darts (quivered)
Armour
 b - a +0 scale mail (worn)
 c - a +0 kite shield (worn)
 g - a +0 pair of boots (worn)
Wands
 q - a wand of flame (16)
Scrolls
 e - a scroll of fear {unknown}
 h - 3 scrolls of identify {unknown}
 i - 3 scrolls of remove curse {unknown}
 p - a scroll of random uselessness {unknown}
Potions
 d - a potion of might
 f - a potion of ambrosia {unknown}
 j - 2 potions of curing {unknown}
 k - a potion of lignification {unknown}
 l - a potion of brilliance {unknown}
 m - a potion of mutation {unknown}
 o - a potion of flight {unknown}


   Skills:
 + Level 4.0 Fighting
 * Level 4.4 Axes
 + Level 4.0 Armour
 * Level 1.1 Dodging
 + Level 3.9 Shields


You had 3 spell levels left.
You didn't know any spells.
Your spell library was empty.

Dungeon Overview and Level Annotations

Branches:
Dungeon (3/15)

Altars:
Gozag
Hepliaklqana
Sif Muna
Trog

Annotations:
D:3 1 transporter


Innate Abilities, Weirdness & Mutations

You reflexively headbutt those who attack you in melee.
You have a pair of horns on your head.


Message History

Partly explored, unvisited transporter.
Partly explored, unvisited transporter.
There is a transporter here.
You enter the transporter and appear at another place.
No reachable target in view!
q - a wand of flame (16)
You open the door.
The orc priest invokes the aid of Beogh against you.
Beogh smites you!
The kobold demonologist mumbles some strange words.
There is an open door here.
The shadow imp grinds its teeth.
You block the sun demon's attack.
You enter the shallow water.
Moving in this stuff is going to be slow.
The orc priest calls down the wrath of Beogh upon you.
Beogh smites you! The sun demon hits you!
* * * LOW HITPOINT WARNING * * *
You are engulfed in flames!
You die...

..##.........#########...#.......
.....#######.#8P$©$P8#...........
....## #.#≈..:..≈#...#...)...
....########.####+####...#####(..
.............#.≈...≈.#..######(..
...#########.#.≈...≈.#.####......
..## #.#.≈≈≈≈≈.#.....)###.. ..#
#.#.≈≈♣P≈5#..###......
..##########.#5≈@P≈≈5#.)....###..
.............#o≈3..≈K#...######..
..#......###.#o≈...≈.#.......#..#
..#......###.####'####..####.#.##
..#<.........#P.....P#..####.#.##
..#......###.#8P.©.P8#...........
..######## #.#########..##.###...
.## #.....©.......#.# #### .#
#.##....###.#.#.# ####


You could see a sun demon (summoned), a kobold demonologist, 2 orc priests and 3
shadow imps.

Vanquished Creatures
  2 adders (D:2)
  An ooze (D:2)
  2 dart slugs (D:3)
  2 worms
  3 leopard geckos
  3 giant cockroaches (D:1)
  5 goblins
  5 hobgoblins
  4 jackals (D:3)
  A ball python (D:1)
  6 bats
  3 frilled lizards
  6 kobolds
  7 rats
50 creatures vanquished.

Notes
Turn   | Place    | Note
-------+----------+-------------------------------------------
     0 | D:1      | tatocazan the Minotaur Fighter began the quest for the Orb.
     0 | D:1      | Reached XP level 1. HP: 19/19 MP: 0/0
   154 | D:1      | Reached XP level 2. HP: 26/27 MP: 1/1
   856 | D:2      | Found a hazy altar of Hepliaklqana.
   937 | D:2      | Reached XP level 3. HP: 33/33 MP: 2/2
  1071 | D:2      | Found a faded altar of an unknown god.
  1115 | D:2      | Found a bloodstained altar of Trog.
  1167 | D:2      | Reached skill level 1 in Dodging
  1184 | D:2      | Became a worshipper of Trog the Wrathful
  1204 | D:3      | Noticed a kobold demonologist
  1210 | D:3      | Found a transporter.
  1285 | D:3      | Reached XP level 4. HP: 34/40 MP: 3/3
  1535 | D:3      | Found an opulent altar of Gozag.
  1646 | D:3      | Found a shimmering blue altar of Sif Muna.
  1649 | D:3      | Found a bloodstained altar of Trog.
  1663 | D:3      | Found a transporter.
  1743 | D:3      | Noticed a sun demon
  1745 | D:3      | Slain by a sun demon

Illustrated notes

Levels and vault maps discovered:
D:1:      dpeg_arrival_water_temple_mockup, layout_basic
D:2:      layout_loops_cross, lemuel_doored_altar,
          chequers_ecumenical_altar_simple_redux, trog_three_pillars_becter
D:3:      gammafunk_wand_slinger, layout_rooms, grunt_gozag_statues,
          nicolae_overflow_hidden_temple

Skill      XL: |  1  2  3  4 |
---------------+-------------+-----
Axes           | 3 4 |  4.4
Fighting       | 4 |  4.0
Dodging        | 1 |  1.1
Armour         | 4 |  4.0
Shields        | |  3.9

Action                   |  1- 3 |  4- 6 || total
-------------------------+-------+-------++-------
Melee: War axe           |   106 |    18 ||   124
       Headbutt          |    15 |     5 ||    20
Armor: Scale mail        |    58 |    11 ||    69
Dodge: Dodged            |    34 |     4 ||    38
Block: Kite shield       |    48 |    12 ||    60

Table legend: (Time is in decaauts)
 A = Elapsed time spent in this place.
 B = Non-inter-level travel time spent in this place.
 C = Inter-level travel time spent in this place.
 D = Time resting spent in this place.
 E = Time spent auto-exploring this place.
 F = Levels seen in this place.
 G = Mean time per level.
                   A        B        C        D        E       F      G
               +--------+--------+--------+--------+--------+-----+--------+
         Total |   1795 |   1725 |     70 |    152 |   1247 |   3 |  598.3 |
       Dungeon |   1795 |   1725 |     70 |    152 |   1247 |   3 |  598.3 |
               +--------+--------+--------+--------+--------+-----+--------+

Top non-repeatable levels by time:
     D:1: 770 daAuts
     D:3: 555 daAuts
     D:2: 469 daAuts
